 Dungeon Sprint DCSS version 0.21.1-1-g345015f (webtiles) character file.

21211 Fang the Executioner (level 12, 0/190 (192) HPs)
             Began as a Minotaur Berserker on Apr 30, 2018.
             Was the Champion of Trog.
             Hit by a steel javelin thrown by a merfolk javelineer (5 damage)
             ... in the Dungeon (Sprint V: "Ziggurat Sprint") on May 1, 2018.
             The game lasted 00:08:37 (1469 turns).

Fang the Executioner (Minotaur Berserker)           Turns: 1469, Time: 00:08:38

HP:   0/190 (192)   AC: 29    Str: 37    XL:     12   Next: 52%
MP:   11/11         EV: 11    Int:  4    God:    Trog [******]
Gold: 0             SH:  0    Dex:  9    Spells: 11/11 levels left

rFire    + . .     SeeInvis .   a - +6 war axe (chop)
rCold    + . .     Gourm    .   (no shield)
rNeg     + + .     Faith    .   K - +9 scales of the Dragon King {rPois rF+ rC+ MR+}
rPois    +         Spirit   .   k - +1 hat
rElec    +         Reflect  .   (no cloak)
rCorr    .         Harm     .   (no gloves)
MR       +....     NoTele   +   (no boots)
Stlth    ..........             (no amulet)
HPRegen  0.41/turn              G - ring of flight
MPRegen  0.12/turn              B - ring "Ifouc" {*Drain rElec rN++ Str+4 Slay+1}

@: berserking, studying Stealth, very quick
A: retaliatory headbutt, horns 2
a: Berserk, Trog's Hand, Brothers in Arms, Burn Spellbooks, Renounce Religion,
Evoke Flight


You were in the Dungeon.
You worshipped Trog.
Trog was exalted by your worship.
You were not hungry.

You visited 1 branch

Inventory:

Hand Weapons
 a - a +6 war axe of chopping (weapon)
 l - a +5 demon trident
Missiles
 J - 4 tomahawks (quivered)
Armour
 k - a +1 hat (worn)
 K - the +9 scales of the Dragon King (worn) {rPois rF+ rC+ MR+}
   (You took it off a centaur in the Dungeon)

   It protects you from fire.
   It protects you from cold.
   It protects you from poison.
   It affects your resistance to hostile enchantments.
Jewellery
 B - the ring "Ifouc" (right hand) {*Drain rElec rN++ Str+4 Slay+1}
   (You found it in the Dungeon)

   [ring of slaying]

   It affects your strength (+4).
   It affects your accuracy and damage with ranged weapons and melee attacks
   (+1).
   It insulates you from electricity.
   It greatly protects you from negative energy.
   It causes draining when unequipped.
 G - a ring of flight (left hand)
Wands
 x - a wand of disintegration (7)
 y - a wand of iceblast (7)
 z - a wand of acid (7)
Scrolls
 i - 4 scrolls of blinking
 m - 7 scrolls of fog
 n - a scroll of holy word
 o - 5 scrolls of identify
 p - 5 scrolls of remove curse
 q - 2 scrolls of fear
 D - 2 scrolls of brand weapon
Potions
 d - 10 potions of curing
 e - 10 potions of heal wounds
 f - 10 potions of haste
 g - 7 potions of magic
 h - 3 potions of berserk rage
 r - 2 potions of brilliance
 s - 2 potions of invisibility
 t - 4 potions of resistance
 v - 5 potions of agility
 w - 5 potions of might
Books
 b - a manual of Stealth
 A - a manual of Stealth
Miscellaneous
 C - 2 boxes of beasts
 E - a phial of floods
 F - a lamp of fire
 H - 2 sacks of spiders
Comestibles
 c - 6 rations
 j - 18 chunks of flesh


   Skills:
 + Level 18.3 Fighting
 + Level 21.4(21.7) Axes
 + Level 7.2(15.9) Polearms
 + Level 13.2 Armour
 + Level 9.3 Dodging
 + Level 4.0 Stealth


You had 11 spell levels left.
You didn't know any spells.

Dungeon Overview and Level Annotations

Branches:
Dungeon (1/1)

Altars:
Ashenzari
Cheibriados
Dithmenos
Elyvilon
Fedhas
Gozag
Hepliaklqana
Kikubaaqudgha
Makhleb
Nemelex Xobeh
Okawaru
Qazlal
Ru
Sif Muna
Trog
Uskayaw
Vehumet
Wu Jian
Xom
Yredelemnul
Zin
The Shining One
Beogh
Jiyva
Lugonu


Innate Abilities, Weirdness & Mutations

You reflexively headbutt those who attack you in melee.
You have a pair of horns on your head.


Message History

You slash the water nymph!
You kill the water nymph!
Trog accepts your kill.
Trog appreciates your killing of a magic user.
The merfolk javelineer hits you but does no damage. x2
The snapping turtle bites you but does no damage.
The merfolk javelineer hits you but does no damage.
Space warps horribly around you!
* * * LOW HITPOINT WARNING * * *
Things that are here:
a water nymph corpse; a harpy corpse Unknown command.
You feel a strong urge to attack something.
The merfolk javelineer throws a javelin.
The javelin hits you!
* * * LOW HITPOINT WARNING * * *
The snapping turtle barely misses you.
The merfolk javelineer throws a steel javelin.
The steel javelin hits you.
You die...

▓......).
▓≈.:))}:..▓...|.=..
▓....≈..≈.▓......).
▓.........▓........
▓..≈.≈....▓.....)..
▓...m≈≈...▓........
▓.≈▓t≈m▓..▓........
▓.▓mm...▓.▓.▓.....▓
▓.@†)©....▓....©..÷
▓▓▓▓▓▓▓▓▓▓▓▓▓▓▓▓▓▓▓


You could see 4 merfolk javelineers and a snapping turtle.

Vanquished Creatures
  An ice dragon (D)
  2 hydras (D)
  A merfolk aquamancer (D)
  2 dancing weapons (D)
  3 death drakes (D)
  A deep elf archer (D)
  A swamp dragon (D)
  2 harpies (D)
  2 deep elf magi (D)
  A water nymph (D)
  A black mamba (D)
  A spiny frog (D)
  5 merfolk (D)
  A water elemental (D)
  An air elemental (D)
  A yak (D)
  A wyvern (D)
  A fire elemental (D)
  A steam dragon (D)
  2 acid dragons (D)
  2 floating eyes (D)
  A porcupine (D)
  5 water moccasins (D)
  2 ice beasts (D)
  2 phantoms (D)
  A necrophage (D)
  3 centaurs (D)
  2 bullfrogs (D)
  An earth elemental (D)
  2 orc priests (D)
  5 jellies (D)
  An iguana (D)
  3 adders (D)
  A white imp (D)
  An adder skeleton (D)
  2 adder simulacra (D)
  2 jackals (D)
  A ball python (D)
68 creatures vanquished.

Notes
Turn   | Place    | Note
-------+----------+-------------------------------------------
     0 | D        | Found the +6 Majin-Bo {vamp, Archmagi MP+6 Int+6}
     0 | D        | Found the +7 great mace "Firestarter" {inner flame, rF++}
     0 | D        | Fang the Minotaur Berserker began the quest for the Orb.
     0 | D        | Reached XP level 1. HP: 19/19 MP: 0/0
     5 | D        | Found a blossoming altar of Fedhas.
     6 | D        | Found a viscous altar of Jiyva.
     6 | D        | Found a hazy altar of Hepliaklqana.
     6 | D        | Found a transporter.
     6 | D        | Found an opulent altar of Gozag.
     6 | D        | Found an ancient bone altar of Kikubaaqudgha.
     6 | D        | Found a corrupted altar of Lugonu.
    12 | D        | Found a burning altar of Makhleb.
    13 | D        | Found a stormy altar of Qazlal.
    13 | D        | Found a sacrificial altar of Ru.
    13 | D        | Found an iron altar of Okawaru.
    13 | D        | Found a deep blue altar of Sif Muna.
    13 | D        | Found a sparkling altar of Nemelex Xobeh.
    13 | D        | Found a bloodstained altar of Trog.
    77 | D        | Entered arena 2.
    77 | D        | Noticed an orc priest
    77 | D        | Noticed an orc priest
    77 | D        | Found a transporter.
    80 | D        | Killed an orc priest
    80 | D        | Reached skill level 5 in Fighting
    80 | D        | Reached skill level 5 in Axes
    80 | D        | Reached XP level 2. HP: 30/30 MP: 1/1
    80 | D        | Reached XP level 3. HP: 37/37 MP: 2/2
    82 | D        | Reached skill level 6 in Axes
    82 | D        | Reached skill level 1 in Polearms
   155 | D        | Entered arena 3.
   155 | D        | Noticed a porcupine
   155 | D        | Found a transporter.
   158 | D        | Reached ** piety under Trog
   159 | D        | Killed a porcupine
   159 | D        | Reached skill level 8 in Axes
   159 | D        | Reached XP level 4. HP: 32/49 MP: 3/3
   159 | D        | Reached XP level 5. HP: 37/56 MP: 4/4
   160 | D        | Reached skill level 5 in Armour
   166 | D        | Got the +1 executioner's axe "Spiderslayer" {flame, *Slow +Inv rElec}
   263 | D        | Entered arena 4.
   263 | D        | Noticed a phantom
   263 | D        | Noticed a phantom
   263 | D        | Noticed a necrophage
   263 | D        | Found a transporter.
   264 | D        | Found the +5 scythe "Finisher" {speed, Str+3}
   268 | D        | Killed a necrophage
   268 | D        | Reached skill level 9 in Axes
   268 | D        | Reached XP level 6. HP: 66/66 MP: 5/5
   269 | D        | Reached *** piety under Trog
   272 | D        | Reached skill level 10 in Fighting
   272 | D        | Reached skill level 10 in Axes
   272 | D        | Reached skill level 5 in Dodging
   276 | D        | Reached **** piety under Trog
   283 | D        | Entered arena 5.
   283 | D        | Noticed a water moccasin
   283 | D        | Noticed a water moccasin
   283 | D        | Found a transporter.
   286 | D        | Killed a water moccasin
   286 | D        | Reached skill level 11 in Axes
   286 | D        | Reached XP level 7. HP: 68/74 MP: 6/6
   289 | D        | Reached ***** piety under Trog
   289 | D        | Reached skill level 12 in Axes
   301 | D        | Got the ring "Ifouc" {*Drain rElec rN++ Str+4 Slay+1}
   312 | D        | Entered arena 6.
   312 | D        | Found a transporter.
   313 | D        | Found the ring of Phasing {EV+8}
   315 | D        | Reached skill level 5 in Polearms
   374 | D        | Entered arena 7.
   374 | D        | Noticed a six-headed hydra
   374 | D        | Noticed a yak
   374 | D        | Noticed a spiny frog
   375 | D        | Found the ring of the Octopus King {rF+ AC+1 EV+1 Str+1 Int+1 Dex+1}
   376 | D        | Found a transporter.
   377 | D        | Received a gift from Trog
   378 | D        | Killed a spiny frog
   378 | D        | Reached skill level 13 in Axes
   378 | D        | Reached XP level 8. HP: 85/85 MP: 7/7
   381 | D        | Reached skill level 14 in Axes
   383 | D        | Killed a three-headed hydra
   383 | D        | Reached skill level 15 in Axes
   383 | D        | Reached XP level 9. HP: 93/93 MP: 8/8
   408 | D        | Got a ring of the Octopus King {rF+ AC+1 EV+1 Str+1 Int+1 Dex+1}
   411 | D        | Got the ring "Ennu" {rElec EV+3 Int+3 Stlth+}
   452 | D        | Entered arena 8.
   452 | D        | Noticed a black mamba
   453 | D        | Found a transporter.
   458 | D        | Killed a black mamba
   458 | D        | Reached skill level 16 in Axes
   461 | D        | Reached ****** piety under Trog
   468 | D        | Received a gift from Trog
   468 | D        | Reached skill level 17 in Axes
   797 | D        | Entered arena 9.
   798 | D        | Found a transporter.
   800 | D        | Paralysed by a floating eye for 2 turns
   808 | D        | Received a gift from Trog
   879 | D        | Entered arena 10.
   879 | D        | Noticed a merfolk
   879 | D        | Noticed a merfolk
   879 | D        | Noticed a merfolk
   879 | D        | Noticed a merfolk
   879 | D        | Noticed a merfolk
   880 | D        | Found a transporter.
   886 | D        | Killed a merfolk
   887 | D        | Killed a merfolk
   887 | D        | Reached skill level 1 in Stealth
   887 | D        | Killed a merfolk
   887 | D        | Reached skill level 18 in Axes
   890 | D        | Killed a merfolk
   890 | D        | Reached XP level 10. HP: 56/104 MP: 9/9
   890 | D        | Received a gift from Trog
   894 | D        | Reached skill level 15 in Fighting
   912 | D        | Got the ring "Icreuhao" {MP+9 Str+5}
   952 | D        | Received a gift from Trog
  1183 | D        | Entered arena 11.
  1183 | D        | Noticed a dire flail of holy wrath
  1183 | D        | Noticed a deep elf mage
  1183 | D        | Noticed a deep elf mage
  1183 | D        | Noticed a deep elf archer
  1183 | D        | Noticed a trident of protection
  1185 | D        | Found a transporter.
  1186 | D        | Killed a trident of protection
  1186 | D        | Reached skill level 10 in Armour
  1190 | D        | Killed a dire flail of holy wrath
  1190 | D        | Reached skill level 19 in Axes
  1193 | D        | Killed a deep elf archer
  1194 | D        | Received a gift from Trog
  1195 | D        | Killed a deep elf mage
  1197 | D        | Killed a deep elf mage
  1220 | D        | Received a gift from Trog
  1268 | D        | Entered arena 12.
  1268 | D        | Noticed a death drake
  1268 | D        | Noticed a death drake
  1268 | D        | Noticed an ice dragon
  1268 | D        | Noticed a seven-headed hydra
  1269 | D        | Noticed a swamp dragon
  1269 | D        | Noticed a death drake
  1279 | D        | Killed a death drake
  1283 | D        | Killed a death drake
  1283 | D        | Reached skill level 20 in Axes
  1284 | D        | Killed a swamp dragon
  1284 | D        | Reached XP level 11. HP: 115/115 MP: 10/10
  1288 | D        | Killed an 11-headed hydra
  1293 | D        | Killed a death drake
  1293 | D        | Received a gift from Trog
  1301 | D        | Killed an ice dragon
  1310 | D        | Found a transporter.
  1329 | D        | Received a gift from Trog
  1360 | D        | Reached skill level 21 in Axes
  1360 | D        | Reached XP level 12. HP: 97/126 MP: 11/11
  1456 | D        | Entered arena 13.
  1456 | D        | Noticed a merfolk javelineer
  1457 | D        | Noticed a merfolk javelineer
  1457 | D        | Noticed a merfolk javelineer
  1458 | D        | Noticed a merfolk javelineer
  1458 | D        | Noticed a merfolk aquamancer
  1464 | D        | Received a gift from Trog
  1466 | D        | Killed a merfolk aquamancer
  1469 | D        | HP: 5/190 [merfolk javelineer/javelin (11)]
  1469 | D        | Hit by a steel javelin thrown by a merfolk javelineer

Skill      XL: |  1  2  3  4  5  6  7  8  9 10 11 12 |
---------------+-------------------------------------+-----
Fighting       | 5 8 9 11 12 13 14 16 17 18 | 18.3
Axes           | 5 8 9 11 13 15 18 20 21 | 21.4
Armour         | 3 4 5 6 7 8 9 11 12 13 | 13.2
Dodging        | 3 4 5 6 7 8 9 |  9.3
Polearms       | 2 3 4 5 6 7 |  7.2
Stealth        | 1 2 3 4 |  4.0

Action                   |  1- 3 |  4- 6 |  7- 9 | 10-12 || total
-------------------------+-------+-------+-------+-------++-------
Melee: Demon trident     |     7 |     1 |       |       ||     8
       Headbutt          |     2 |     2 |     7 |     9 ||    20
       Executioner's axe |       |     9 |    29 |       ||    38
       War axe           |       |       |    14 |    55 ||    69
Invok: Berserk           |     1 |       |     2 |     3 ||     6
       Burn Spellbooks   |       |     1 |       |     3 ||     4
  Use: Scroll            |       |       |     1 |       ||     1
       Potion            |       |       |       |     1 ||     1
  Eat: Chunk             |       |       |     1 |     3 ||     4
       Ration            |       |       |       |     1 ||     1
Armor: Shadow dragon sca |     2 |     9 |    44 |     3 ||    58
       Gold dragon scale |       |       |       |    43 ||    43
Dodge: Dodged            |     5 |    11 |    56 |    32 ||   104
